 Dungeon Crawl Stone Soup version 0.21.1-1-g345015f (webtiles) character file.

53 tidbits the Gusty (level 3, 8/26 HPs)
             Began as a Gnoll Wanderer on June 9, 2018.
             Quit the game on level 4 of the Dungeon.
             The game lasted 00:06:29 (573 turns).

tidbits the Gusty (Gnoll Wanderer)                   Turns: 573, Time: 00:06:30

Health: 8/26       AC:  6    Str: 15    XL:     3   Next: 89%
Magic:  0/9        EV: 12    Int: 20    God:
Gold:   50         SH:  0    Dex: 13    Spells: 10/12 levels left

rFire    . . .     SeeInvis .   i - +1 dagger
rCold    . . .     Gourm    .   (no shield)
rNeg     . . .     Faith    .   B - +0 robe
rPois    .         Spirit   .   E - +1 helmet
rElec    .         Reflect  .   (no cloak)
rCorr    .         Harm     .   G - +1 pair of gloves
MR       .....                  (no boots)
Stlth    +.........             (no amulet)
HPRegen  0.08/turn              d - ring of loudness (curse)
MPRegen  0.11/turn              (no ring)

@: brilliant, quite poisoned (8 -> 5), flying
A: distributed training, fangs 1, strong nose
a: no special abilities


You were on level 4 of the Dungeon.
You were not hungry.

You visited 1 branch of the dungeon, and saw 4 of its levels.

You collected 50 gold pieces.

Inventory:

Hand Weapons
 e - a +0 club
 i - a +1 dagger (weapon)
Armour
 B - a +0 robe (worn)
 E - a +1 helmet (worn)
 G - a +1 pair of gloves (worn)
Jewellery
 d - a cursed ring of loudness (left hand)
   (You found it on level 3 of the Dungeon)
Scrolls
 h - 2 scrolls of enchant weapon
Potions
 g - a potion of magic
 k - a potion of brilliance
Books
 a - a book of Flames

   Spells                             Type                      Level
   a - Flame Tongue                   Conjuration/Fire             1
   b - Throw Flame                    Conjuration/Fire             2
   c - Conjure Flame                  Conjuration/Fire             3
   d - Inner Flame                    Hexes/Fire                   3
   e - Sticky Flame                   Conjuration/Fire             4
   f - Fireball                       Conjuration/Fire             5
 b - the Papyrus of Dark Rites

   Spells                             Type                      Level
   a - Pain                           Necromancy                   1
   b - Vampiric Draining              Necromancy                   3
 c - the Almanac of Envenoming

   Spells                             Type                      Level
   a - Sting                          Conjuration/Poison           1
   b - Ignite Poison                  Fire/Transmutation/Poison    3
Comestibles
 f - 8 rations


   Skills:
 + Level 1.0 Fighting
 + Level 1.0 Short Blades
 + Level 1.0 Long Blades
 + Level 1.0 Axes
 + Level 1.0 Maces & Flails
 + Level 1.0 Polearms
 + Level 1.0 Staves
 + Level 1.0 Slings
 + Level 1.0 Bows
 + Level 1.0 Crossbows
 + Level 1.0 Throwing
 + Level 1.0 Armour
 + Level 1.0 Dodging
 + Level 1.0 Stealth
 + Level 1.0 Shields
 + Level 1.0 Unarmed Combat
 + Level 5.0 Spellcasting
 + Level 0.7 Conjurations
 + Level 0.7 Hexes
 + Level 0.7 Charms
 + Level 0.7 Summonings
 + Level 2.1 Necromancy
 + Level 0.7 Translocations
 + Level 0.7 Transmutations
 + Level 3.8 Fire Magic
 + Level 0.7 Ice Magic
 + Level 5.4 Air Magic
 + Level 0.7 Earth Magic
 + Level 0.7 Poison Magic
 + Level 1.0 Invocations
 + Level 4.6 Evocations


You had 10 spell levels left.
You knew the following spells:

 Your Spells              Type           Power        Failure   Level  Hunger
a - Pain                  Necr           ####         1%          1    None
j - Flame Tongue          Conj/Fire      ####.        1%          1    None


Dungeon Overview and Level Annotations

Branches:
Dungeon (4/15)
 Temple: D:4-7

Altars:
Vehumet


Innate Abilities, Weirdness & Mutations

Your experience applies equally to all skills.
You have very sharp teeth.
Your uncanny sense of smell can sniff out nearby items.


Message History

Casting: Flame Tongue
Confirm with . or Enter, or press ? or * to list all spells.
Aiming: Flame Tongue
Press: ? - help, Shift-Dir - straight line, f/p - worker ant
Aim: a worker ant The flame tongue hits the worker ant.
You kill the worker ant!
Your Spellcasting skill increases to level 5!
Your Invocations skill increases to level 1!
You have reached level 3!
Your experience leads to an increase in your attributes!
Your base attributes are Str 15, Int 14, Dex 13.
Increase (S)trength, (I)ntelligence, or (D)exterity?
You feel clever.
You feel sick.
Okay, then.
You feel sick. The adder bites you but does no damage.
You feel sick.
It was a potion of flight.
You feel very buoyant.
You fly up into the air.
You feel sick. The adder misses you. The adder closely misses you.
Casting: Flame Tongue
Confirm with . or Enter, or press ? or * to list all spells.
Aiming: Flame Tongue
Press: ? - help, Shift-Dir - straight line, f - worm, p - worker ant
Aim: a worm The flame tongue hits the adder.
The adder is severely wounded.
The adder barely misses you.
The worker ant waves its antennae.
Casting: Flame Tongue
Confirm with . or Enter, or press ? or * to list all spells.
Aiming: Flame Tongue
Press: ? - help, Shift-Dir - straight line, f/p - worm
Aim: a worm The flame tongue misses the adder.
The flame tongue misses the worker ant.
The flame tongue hits the worm.
The worm is moderately wounded.
You feel sick. The adder bites you.
You hit the adder. Your punch misses the adder.
The adder is almost dead.
The adder closely misses you.
The worker ant waves its antennae.
You closely miss the adder.
The adder is almost dead.
You feel sick. The adder barely misses you. x2
You barely miss the adder.
The adder is almost dead.
The adder barely misses you.
You barely miss the adder.
The adder is severely wounded.
The adder bites you but does no damage.
You hit the adder.
You kill the adder!
Your Fighting skill increases to level 1!
Your Short Blades skill increases to level 1!
Your Long Blades skill increases to level 1!
Your Axes skill increases to level 1!
Your Maces & Flails skill increases to level 1!
Your Polearms skill increases to level 1!
Your Staves skill increases to level 1!
Your Slings skill increases to level 1!
Your Bows skill increases to level 1!
Your Crossbows skill increases to level 1!
Your Throwing skill increases to level 1!
Your Armour skill increases to level 1!
Your Dodging skill increases to level 1!
Your Stealth skill increases to level 1!
Your Shields skill increases to level 1!
Your Unarmed Combat skill increases to level 1!
You feel sick.
Casting: Flame Tongue
Confirm with . or Enter, or press ? or * to list all spells.
Aiming: Flame Tongue
Press: ? - help, Shift-Dir - straight line, f/p - worm
Aim: a worm (lightly wounded)
The flame tongue hits the worker ant.
The worker ant is moderately wounded.
The worker ant closely misses you. The worker ant bites you.
* * * LOW HITPOINT WARNING * * *
Casting: Flame Tongue
Confirm with . or Enter, or press ? or * to list all spells.
Aiming: Flame Tongue
Press: ? - help, Shift-Dir - straight line, f/p - worm
Aim: a worm (lightly wounded)
The flame tongue hits the worker ant.
The worker ant is severely wounded.
The worker ant bites you.
* * * LOW HITPOINT WARNING * * *
Casting: Flame Tongue
Confirm with . or Enter, or press ? or * to list all spells.
Aiming: Flame Tongue
Press: ? - help, Shift-Dir - straight line, f/p - worm
Aim: a worm (lightly wounded)
The flame tongue hits the worker ant.
The worker ant is almost dead.
You feel sick. The worker ant bites you.
* * * LOW HITPOINT WARNING * * *
Okay, then.
Are you sure you want to abandon this character and quit the game? (Confirm with "yes".)

##.########......#
.# ... #......# .#
##.# #......# .#
... #......###.#
#.# #..........#
#+# #......##### ∆
#####.## ∆ #.#
.### #@# ..... #a#
......##w#
......†..#
......##.# ....#
#.# ... ... #.#
..$ . #.# .. #.#


You could see a worm and a worker ant.

Vanquished Creatures
  A worker ant (D:4)
  An adder (D:4)
  A worm (D:3)
  A dart slug (D:3)
  A giant cockroach (D:2)
  2 hobgoblins
  3 jackals (D:4)
  A ball python (D:2)
  A bat (D:1)
  A frilled lizard (D:3)
  A goblin (D:3)
  2 kobolds
  3 rats
19 creatures vanquished.

Notes
Turn   | Place    | Note
-------+----------+-------------------------------------------
     0 | D:1      | tidbits the Gnoll Wanderer began the quest for the Orb.
     0 | D:1      | tidbits set off with: a book of Flames, the Papyrus of Dark Rites, the Almanac of Envenoming, a +0 robe, a +0 club, a ration
     0 | D:1      | Reached XP level 1. HP: 13/13 MP: 6/6
     0 | D:1      | Identified the Papyrus of Dark Rites
     0 | D:1      | Identified the Almanac of Envenoming
     2 | D:1      | Learned a level 1 spell: Pain
     4 | D:1      | Learned a level 1 spell: Flame Tongue
   187 | D:2      | Found a radiant altar of Vehumet.
   190 | D:2      | Reached skill level 2 in Necromancy
   315 | D:3      | Reached XP level 2. HP: 19/19 MP: 5/7
   558 | D:4      | Reached skill level 5 in Spellcasting
   558 | D:4      | Reached skill level 1 in Invocations
   558 | D:4      | Reached XP level 3. HP: 23/25 MP: 4/9
   569 | D:4      | Reached skill level 1 in Fighting
   569 | D:4      | Reached skill level 1 in Short Blades
   569 | D:4      | Reached skill level 1 in Long Blades
   569 | D:4      | Reached skill level 1 in Axes
   569 | D:4      | Reached skill level 1 in Maces & Flails
   569 | D:4      | Reached skill level 1 in Polearms
   569 | D:4      | Reached skill level 1 in Staves
   569 | D:4      | Reached skill level 1 in Slings
   569 | D:4      | Reached skill level 1 in Bows
   569 | D:4      | Reached skill level 1 in Crossbows
   569 | D:4      | Reached skill level 1 in Throwing
   569 | D:4      | Reached skill level 1 in Armour
   569 | D:4      | Reached skill level 1 in Dodging
   569 | D:4      | Reached skill level 1 in Stealth
   569 | D:4      | Reached skill level 1 in Shields
   569 | D:4      | Reached skill level 1 in Unarmed Combat
   573 | D:4      | Quit the game

Skill      XL: |  1  2  3 |
---------------+----------+-----
Necromancy     | 2 |  2.1
Spellcasting   | 5 |  5.0
Invocations    | 1 |  1.0
Fighting       | 1 |  1.0
Short Blades   | 1 |  1.0
Long Blades    | 1 |  1.0
Axes           | 1 |  1.0
Maces & Flails | 1 |  1.0
Polearms       | 1 |  1.0
Staves         | 1 |  1.0
Slings         | 1 |  1.0
Bows           | 1 |  1.0
Crossbows      | 1 |  1.0
Throwing       | 1 |  1.0
Armour         | 1 |  1.0
Dodging        | 1 |  1.0
Stealth        | 1 |  1.0
Shields        | 1 |  1.0
Unarmed Combat | 1 |  1.0
Conjurations   | |  0.7
Hexes          | |  0.7
Charms         | |  0.7
Summonings     | |  0.7
Translocations | |  0.7
Transmutations | |  0.7
Fire Magic     | |  3.8
Ice Magic      | |  0.7
Air Magic      | |  5.4
Earth Magic    | |  0.7
Poison Magic   | |  0.7
Evocations     | |  4.6

Action                   || total
-------------------------++-------
Melee: Dagger            ||    14
 Cast: Flame Tongue      ||    33
       Pain              ||     4
  Use: Scroll            ||     4
       Potion            ||     3
Armor: Robe              ||     4
Dodge: Dodged            ||    17

Table legend:
 A = Turns spent in this place as a percentage of turns spent in the entire game.
 B = Non-inter-level travel turns spent in this place as a percentage of non-inter-level travel turns spent in the entire game.
 C = Inter-level travel turns spent in this place as a percentage of turns spent in this place.
 D = Turns resting spent in this place as a percentage of non-inter-level travel turns spent in this place.
 E = Turns spent auto-exploring this place as a percentage of non-inter-level travel turns spent in this place.
 F = Non-inter-level travel turns spent in this place divided by the number of levels of this place that you've seen.
                   A       B       C       D       E      F
               +-------+-------+-------+-------+-------+----------------------
         Total | 100.0 | 100.0 |   0.0 |   0.0 |   0.0 | 143.2
       Dungeon | 100.0 | 100.0 |   0.0 |   0.0 |   0.0 | 143.2
               +-------+-------+-------+-------+-------+----------------------

Table legend:
 A = Kills in this place as a percentage of kills in entire the game.
 B = Kills by you in this place as a percentage of kills by you in the entire game.
 C = Kills by friends in this place as a percentage of kills by friends in the entire game.
 D = Other kills in this place as a percentage of other kills in the entire game.
 E = Experience gained in this place as a percentage of experience gained in the entire game.
 F = Experience gained in this place divided by the number of levels of this place that you have seen.
                   A       B       C       D       E      F
               +-------+-------+-------+-------+-------+----------------------
         Total | 100.0 | 100.0 |   N/A |   N/A | 100.0 |  19.2
       Dungeon | 100.0 | 100.0 |   N/A |   N/A | 100.0 |  19.2
               +-------+-------+-------+-------+-------+----------------------

Vault maps used:
D:1:      dpeg_arrival_short_road
D:2:      vehumet_crystals, first_ration
D:3:      lemuel_coloured_pillars_altar
D:4:      wad_crossroads, minmay_temple_entry_mist, grunt_nemelex_the_gamble
